Map: Oxide LE

Players

MaxPax - Winner!

  • Race: Protoss Protoss
  • League: Grandmaster
  • Spawn Location: 1:00

LiquidClem (Clem)

  • Race: Terran Terran
  • League: Grandmaster
  • Spawn Location: 7:00

Event: DreamHack SC2 Masters 2020 Winter

VOD

Have the link to the VOD?

Description

Time

  • Played on: Oct. 31, 2020, 11:22 a.m.
  • Length: 6:49

All games in this series

Show
View Real Time Build Order
Export as new Build Order

MaxPax Protoss - Winner!

Build Orders: 1 Gate Expand, Mass Adepts 

Get SALT Encoding   

  12  0:00  Probe  
  13  0:12  Probe  
  14  0:17  Pylon  
  14  0:24  Probe  
  15  0:36  Probe (Chrono Boost)  
  15  0:39  Gateway  
  16  0:45  Probe (Chrono Boost)  
  17  0:50  Assimilator, Probe (Chrono Boost)  
  18  1:03  Probe  
  19  1:15  Probe  
  20  1:27  Cybernetics Core  
  20  1:40  Nexus  
  20  1:49  Pylon, Probe  
  21  1:58  Assimilator  
  21  2:01  Probe  
  21  2:04  Adept (Chrono Boost)  
  21  2:07  Warp Gate  
  24  2:14  Probe  
  25  2:25  Adept (Chrono Boost)  
  25  2:26  Probe  
  27  2:38  Probe  
  28  2:45  Twilight Council  
  28  2:47  Adept  
  31  2:52  Probe (Chrono Boost)  
  31  2:55  Probe (Chrono Boost)  
  32  3:01  Probe (Chrono Boost)  
  32  3:04  Robotics Facility, Probe (Chrono Boost)  
  34  3:06  Probe (Chrono Boost)  
  35  3:13  Gateway  
  35  3:22  Probe  
  35  3:25  Probe  
  37  3:28  Resonating Glaives (Chrono Boost)  
  37  3:34  Probe  
  37  3:38  Shield Battery  
  37  3:39  Probe  
  39  3:46  Probe  
  40  3:49  Warp Prism (Chrono Boost)  
  40  3:51  Probe  
  40  3:53  Gateway  
  40  3:54  Gateway  
  43  3:59  Adept  
  45  4:03  Gateway  
  45  4:15  Adept  
  41  4:19  Gateway  
  41  4:24  Adept  
  43  4:25  Probe x2  
  43  4:27  Observer  
  43  4:30  Pylon  
  43  4:31  Pylon  
  46  4:43  Pylon  
  46  4:48  Probe  
  46  4:50  Adept x4  
  56  4:58  Adept  
  57  5:00  Pylon  
  57  5:10  Adept  
  57  5:11  Adept x3  
  57  5:13  Adept  
  67  5:18  Assimilator  
  67  5:19  Probe x2  
  67  5:32  Adept x2  
  67  5:33  Adept x3  
  67  5:34  Adept  
  68  5:53  Adept x2  
  68  5:54  Adept x3  
  68  6:01  Warp Prism (Chrono Boost)  
  60  6:12  Adept  
  60  6:13  Adept  
  60  6:14  Adept x3  
  62  6:43  Adept x6  
Show
View Real Time Build Order
Export as new Build Order

LiquidClem Terran 

Build Orders:  

Get SALT Encoding   

  12  0:00  SCV  
  13  0:12  SCV  
  14  0:16  Supply Depot  
  14  0:24  SCV  
  15  0:30  Refinery  
  15  0:38  SCV  
  16  0:45  Barracks  
  16  0:50  SCV  
  17  1:02  SCV  
  18  1:06  Engineering Bay  
  18  1:14  SCV  
  19  1:31  Orbital Command  
  19  1:32  Marine  
  19  1:35  Factory  
  20  1:43  Supply Depot  
  20  1:51  Barracks Reactor  
  20  1:57  SCV  
  21  2:09  SCV  
  22  2:18  Command Center  
  22  2:26  SCV  
  23  2:32  Hellion x2  
  27  2:39  Barracks  
  27  2:40  Barracks Tech Lab  
  27  2:45  SCV  
  27  2:48  Supply Depot  
  28  2:58  SCV  
  29  2:59  Marine, Stimpack  
  30  3:05  Refinery  
  30  3:10  Widow Mine  
  30  3:11  SCV  
  33  3:18  Marine  
  33  3:23  SCV  
  34  3:35  SCV  
  34  3:36  Marine x2  
  34  3:38  Marine  
  34  3:39  Orbital Command  
  38  3:47  SCV  
  37  3:54  Marine x2  
  39  3:56  Marine  
  39  3:59  Starport, SCV  
  41  4:05  SCV  
  41  4:10  Factory Reactor  
  41  4:11  SCV  
  41  4:13  Marine x2  
  42  4:17  SCV  
  42  4:20  Supply Depot  
  42  4:21  Marine  
  43  4:26  Bunker  
  42  4:31  Marine x2  
  42  4:32  Bunker  
  42  4:37  Viking  
  46  4:41  Marine  
  46  4:45  SCV x2  
  49  4:46  Widow Mine  
  49  4:47  Widow Mine  
  49  4:52  Supply Depot  
  53  4:55  Marine x2  
  53  4:58  SCV  
  53  4:59  Marine  
  57  5:00  SCV  
  58  5:07  Engineering Bay  
  58  5:10  SCV  
  58  5:12  SCV, Marine  
  58  5:13  Marine  
  62  5:16  Starport Reactor  
  62  5:17  Combat Shield  
  62  5:19  Marine  
  63  5:22  SCV  
  63  5:26  SCV  
  59  5:30  Marine  
  59  5:31  Marine  
  59  5:34  SCV  
  61  5:38  Marine  
  61  5:40  Supply Depot  
  62  5:43  SCV  
  62  5:48  SCV, Marine x2  
  57  5:56  Marine  
  50  6:01  SCV  
  45  6:06  Marine x2  
  36  6:14  Marine  
  36  6:15  Widow Mine x2  
  37  6:24  Marine, SCV  
  39  6:27  Marine  
  38  6:36  SCV  
Tags
 
Add a new tag
Caveats
  • Supply blocks, unpowered buildings, or Contaminate may cause inaccurate times.
  • Supply counts are checked every 10 seconds.